 Dungeon Crawl Stone Soup version 0.29-a0-977-g7483850d73 (webtiles) character file.

Game seed: 6227572310377785539

9 Ajdolov the Trooper (level 2, -2/24 HPs)
             Began as a Merfolk Fighter on Aug 1, 2022.
             Succumbed to a goblin's poison
             ... on level 1 of the Dungeon.
             The game lasted 00:00:37 (398 turns).

Ajdolov the Trooper (Merfolk Fighter)                Turns: 398, Time: 00:00:37

Health: -2/24      AC: 10    Str: 16    XL:     2   Next: 12%
Magic:  2/2        EV:  4    Int:  7    God:
Gold:   13         SH:  4    Dex: 13    Spells: 1/1 levels left

rFire   . . .      SeeInvis .   a - +0 long sword
rCold   . . .      Faith    .   c - +0 buckler
rNeg    . . .      Spirit   .   e - +0 plate armour
rPois   .          Reflect  .   (no helmet)
rElec   .          Harm     .   (no cloak)
rCorr   .          Rampage  .   (no gloves)
Will    .....                   (no boots)
Stlth   ..........              (no amulet)
HPRegen 0.08/turn               (no ring)
MPRegen 0.08/turn               (no ring)

@: lethally poisoned (-2 -> -30)
A: (nimble swimmer 2), mertail
a: no special abilities


You were on level 1 of the Dungeon.
You visited 1 branch of the dungeon, and saw 1 of its levels.

You collected 13 gold pieces.

Inventory:

Hand Weapons
 a - a +0 long sword (weapon)
Armour
 b - a +0 scale mail
 c - a +0 buckler (worn)
 e - a +0 plate armour (worn)
Potions
 d - a potion of might
 f - a potion of heal wounds {unknown}


   Skills:
 + Level 3.5 Fighting
 * Level 3.1 Long Blades
 - Level 2.1 Armour
 - Level 3.0 Shields


You had one spell level left.
You didn't know any spells.
Your spell library was empty.

Dungeon Overview and Level Annotations

Branches:
Dungeon (1/15)

Altars:


Innate Abilities, Weirdness & Mutations

((You are very nimble when in or above water. (Stealth+, EV+, Speed+++)))
Your lower body shifts to a powerful aquatic tail in water.


Message History

You kill the rat!
The goblin barely misses you.
You hit the goblin.
You kill the goblin!
No target in view!
No target in view!
Things that are here:
a +0 dagger; a goblin corpse You now have 13 gold pieces.
f - a yellow potion You open the door.
There is an open door here.
Found a robe.
A goblin comes into view. It is wielding a +2 dagger of venom.
The goblin shouts!
You closely miss the goblin. The goblin hits you but does no damage.
You are poisoned.
The goblin hits you but does no damage.
You barely miss the goblin.
You feel very sick.
The goblin hits you with a +2 dagger of venom.
You are more poisoned.
You barely miss the goblin.
You feel very sick. The goblin hits you but does no damage.
You are lethally poisoned!
You miss the goblin.
You feel very sick. The goblin hits you but does no damage.
You are more poisoned.
The goblin barely misses you.
You hit the goblin.
The goblin is heavily wounded.
* * * LOW HITPOINT WARNING * * *
You feel very sick. The goblin hits you but does no damage.
You are more poisoned.
You barely miss the goblin.
The goblin is heavily wounded.
You die...

######
.....#
#########
...#.#
#.......#
..##'##
##'#####@#
..#...#
#...# #g#
#รท#.).#
#...# #[#
#.#...#
#...# ..#
#.#...#
#...# ###
#'#...#
#...#
..#...#
#...#
..#...#
#...#
..#...#
#...#


You could see a goblin.

Vanquished Creatures
  A ball python (D:1)
  A goblin (D:1)
  4 jackals (D:1)
  A rat (D:1)
7 creatures vanquished.

Notes
Turn   | Place    | Note
-------+----------+-------------------------------------------
     0 | D:1      | Ajdolov the Merfolk Fighter began the quest for the Orb.
     0 | D:1      | Reached XP level 1. HP: 18/18 MP: 1/1
    65 | D:1      | Reached XP level 2. HP: 8/24 MP: 2/2
   398 | D:1      | Succumbed to a goblin's poison

Illustrated notes

Levels and vault maps discovered:
D:1:      ncdulo_watergridlock, layout_loops_corners, nrook_uturn, minivault_4

Skill      XL: |  1 |
---------------+----+-----
Long Blades    | 3 |  3.1
Fighting       | |  3.5
Armour         | |  2.1
Shields        | |  3.0

Action                   || total
-------------------------++-------
Melee: Long sword        ||    23
Armor: Scale mail        ||     8
       Plate armour      ||     5
Dodge: Dodged            ||     7
Block: Buckler           ||     3

Table legend: (Time is in decaauts)
 A = Elapsed time spent in this place.
 B = Non-inter-level travel time spent in this place.
 C = Inter-level travel time spent in this place.
 D = Time resting spent in this place.
 E = Time spent auto-exploring this place.
 F = Levels seen in this place.
 G = Mean time per level.
                   A        B        C        D        E       F      G
               +--------+--------+--------+--------+--------+-----+--------+
         Total |    403 |    403 |      0 |      0 |    334 |   1 |  403.0 |
       Dungeon |    403 |    403 |      0 |      0 |    334 |   1 |  403.0 |
               +--------+--------+--------+--------+--------+-----+--------+

Top non-repeatable levels by time:
     D:1: 403 daAuts
